[ AOE2 MATCH · #513834486 ]
UnrankedPersians vs Persians
Player's team · LOSS
Rival team · WIN
[ REPLAY ANALYSIS · EXTRACTED FROM THE RECORDED GAME ]
Feudal
13:08
Castle
19:20
Imperial
35:34
| APM avg | 51.3 |
| APM peak | 100 |
| eAPM avg | 26.3 |
| Villagers / military | 183 / 54 |
Focus
⚔️ 25.5% · 🌾 74.5%
Skirmisher ×26 · Camel Scout ×11 · Knight ×4 · Militia ×4 · Monk ×3 · Spearman ×3
Feudal
8:49
Castle
22:04
Imperial
35:57
| APM avg | 66.7 |
| APM peak | 176 |
| eAPM avg | 36.0 |
| Villagers / military | 124 / 70 |
Focus
⚔️ 57.3% · 🌾 42.7%
Cavalry Archer ×45 · Archer ×10 · Knight ×3 · Mangonel ×3 · Trebuchet (Packed) ×3 · Scout Cavalry ×2
Match map
Initial resources + every placement click. Lines = walls · curves = elevation contours. ◆ gold · ⬟ stone · ● berries · ✦ relic · ◌ wall gap
Your base· Open — 5t gap
hclay93's base· Open — 2t gap
Smoothed initial terrain · ◌ = detected wall gap · hover for details
Inputs per minute
— kuzel - - hclay93
Build order — kuzel
First 150 of 423 actions detected
| 0:01 | Queue | Villager (Male) |
| 0:01 | Queue | Villager (Male) |
| 0:01 | Queue | Villager (Male) |
| 0:02 | Build | House |
| 0:03 | Build | House |
| 0:14 | Queue | Villager (Male) |
| 0:14 | Queue | Villager (Male) |
| 1:24 | Queue | Villager (Male) |
| 1:24 | Queue | Villager (Male) |
| 1:40 | Build | Barracks |
| 2:00 | Queue | Villager (Male) |
| 2:00 | Queue | Villager (Male) |
| 2:20 | Queue | Villager (Male) |
| 2:20 | Queue | Villager (Male) |
| 2:42 | Queue | Militia |
| 2:43 | Queue | Militia |
| 2:47 | Build | House |
| 3:06 | Queue | Militia |
| 3:20 | Queue | Villager (Male) |
| 3:34 | Queue | Militia |
| 3:47 | Queue | Villager (Male) |
| 3:48 | Queue | Villager (Male) |
| 4:20 | Queue | Villager (Male) |
| 4:20 | Queue | Villager (Male) |
| 4:25 | Build | House |
| 4:39 | Queue | Villager (Male) |
| 5:02 | Queue | Villager (Male) |
| 5:02 | Queue | Villager (Male) |
| 5:36 | Queue | Villager (Male) |
| 5:36 | Queue | Villager (Male) |
| 6:03 | Queue | Villager (Male) |
| 6:06 | Build | Lumber Camp |
| 6:22 | Build | House |
| 6:46 | Queue | Villager (Male) |
| 7:02 | Queue | Villager (Male) |
| 7:08 | Build | Mill |
| 7:14 | Queue | Villager (Male) |
| 7:58 | Queue | Villager (Male) |
| 8:06 | Build | Mill |
| 8:18 | Build | Farm |
| 8:21 | Build | Farm |
| 8:33 | Queue | Villager (Male) |
| 8:34 | Research | Loom |
| 8:49 | Build | Farm |
| 8:50 | Queue | Villager (Male) |
| 9:09 | Queue | Villager (Male) |
| 9:31 | Build | House |
| 9:43 | Build | Farm |
| 9:48 | Build | Farm |
| 9:49 | Queue | Villager (Male) |
| 10:05 | Build | Farm |
| 10:32 | Build | Farm |
| 10:34 | Build | Farm |
| 10:38 | Build | Farm |
| 10:39 | Queue | Villager (Male) |
| 10:42 | Build | Farm |
| 11:04 | Research | Feudal Age |
| 11:04 | Research | Feudal Age |
| 11:20 | Build | House |
| 11:53 | Queue | Villager (Male) |
| 12:32 | Build | Palisade Wall |
| 12:33 | Build | Palisade Wall |
| 12:35 | Build | Palisade Wall |
| 12:41 | Queue | Villager (Male) |
| 13:05 | Build | Palisade Wall |
| 13:08 | Age | Feudal Age |
| 13:10 | Queue | Villager (Male) |
| 13:15 | Build | Archery Range |
| 13:23 | Queue | Spearman |
| 13:26 | Build | House |
| 13:33 | Queue | Villager (Male) |
| 13:35 | Research | Double-Bit Axe |
| 13:35 | Research | Double-Bit Axe |
| 13:36 | Research | Horse Collar |
| 13:37 | Research | Horse Collar |
| 13:45 | Queue | Villager (Male) |
| 13:48 | Queue | Skirmisher |
| 13:48 | Queue | Skirmisher |
| 14:26 | Build | Stable |
| 14:48 | Queue | Villager (Male) |
| 14:49 | Queue | Villager (Male) |
| 14:55 | Build | Mining Camp |
| 15:01 | Queue | Skirmisher |
| 15:09 | Queue | Villager (Male) |
| 15:17 | Build | House |
| 15:18 | Build | Palisade Wall |
| 15:34 | Build | Palisade Wall |
| 15:40 | Queue | Villager (Male) |
| 15:53 | Build | Market |
| 16:01 | Build | Farm |
| 16:03 | Build | Farm |
| 16:13 | Queue | Villager (Male) |
| 16:16 | Build | Palisade Wall |
| 16:31 | Build | House |
| 16:33 | Build | Palisade Wall |
| 16:41 | Queue | Skirmisher |
| 16:55 | Research | Castle Age |
| 16:55 | Research | Castle Age |
| 17:00 | Build | Watch Tower |
| 17:06 | Build | Lumber Camp |
| 17:11 | Queue | Spearman |
| 17:23 | Queue | Skirmisher |
| 17:53 | Queue | Villager (Male) |
| 18:23 | Queue | Spearman |
| 18:27 | Build | Stable |
| 18:46 | Build | Lumber Camp |
| 18:51 | Build | Palisade Wall |
| 19:20 | Age | Castle Age |
| 19:23 | Queue | Camel Scout |
| 19:25 | Queue | Villager (Male) |
| 19:27 | Research | Bow Saw |
| 19:28 | Research | Bow Saw |
| 20:01 | Build | Farm |
| 20:02 | Queue | Villager (Male) |
| 20:18 | Queue | Villager (Male) |
| 20:50 | Queue | Villager (Male) |
| 20:56 | Queue | Villager (Male) |
| 20:57 | Queue | Villager (Male) |
| 20:58 | Build | Town Center |
| 21:22 | Queue | Knight |
| 21:37 | Build | Farm |
| 21:43 | Research | Heavy Plow |
| 21:48 | Queue | Villager (Male) |
| 21:54 | Build | House |
| 21:55 | Build | House |
| 21:58 | Queue | Villager (Male) |
| 22:10 | Queue | Villager (Male) |
| 22:10 | Queue | Villager (Male) |
| 22:21 | Build | Monastery |
| 22:24 | Build | Farm |
| 22:25 | Build | Farm |
| 22:28 | Build | Farm |
| 22:28 | Build | Farm |
| 22:36 | Queue | Villager (Male) |
| 22:36 | Queue | Villager (Male) |
| 22:36 | Queue | Villager (Male) |
| 22:52 | Queue | Villager (Male) |
| 22:52 | Queue | Villager (Male) |
| 22:56 | Queue | Villager (Male) |
| 22:56 | Queue | Villager (Male) |
| 23:19 | Build | Town Center |
| 23:23 | Queue | Monk |
| 23:24 | Queue | Villager (Male) |
| 23:28 | Queue | Villager (Male) |
| 23:28 | Queue | Villager (Male) |
| 23:28 | Queue | Villager (Male) |
| 23:34 | Queue | Villager (Male) |
| 23:34 | Queue | Villager (Male) |
| 23:40 | Build | Farm |
| 23:44 | Build | Farm |
Build order — hclay93
First 150 of 384 actions detected
| 0:01 | Queue | Villager (Male) |
| 0:01 | Queue | Villager (Male) |
| 0:01 | Queue | Villager (Male) |
| 0:02 | Build | House |
| 0:03 | Build | House |
| 0:06 | Queue | Villager (Male) |
| 0:06 | Queue | Villager (Male) |
| 0:07 | Queue | Villager (Male) |
| 1:10 | Build | Mill |
| 1:33 | Queue | Villager (Male) |
| 1:33 | Queue | Villager (Male) |
| 2:10 | Queue | Villager (Male) |
| 2:32 | Queue | Villager (Male) |
| 2:32 | Queue | Villager (Male) |
| 2:46 | Queue | Villager (Male) |
| 3:10 | Queue | Villager (Male) |
| 3:17 | Build | House |
| 3:23 | Queue | Villager (Male) |
| 3:44 | Build | House |
| 4:14 | Queue | Villager (Male) |
| 4:15 | Queue | Villager (Male) |
| 4:33 | Build | Lumber Camp |
| 4:48 | Queue | Villager (Male) |
| 5:00 | Build | Palisade Wall |
| 5:01 | Build | Palisade Wall |
| 5:01 | Build | Palisade Wall |
| 5:02 | Build | Palisade Wall |
| 5:03 | Build | Palisade Wall |
| 5:04 | Build | Palisade Wall |
| 5:07 | Queue | Villager (Male) |
| 5:52 | Queue | Villager (Male) |
| 6:21 | Research | Loom |
| 6:21 | Research | Loom |
| 6:38 | Research | Feudal Age |
| 6:39 | Research | Feudal Age |
| 7:24 | Build | Barracks |
| 7:26 | Build | Palisade Wall |
| 7:27 | Build | Palisade Wall |
| 7:35 | Build | Palisade Wall |
| 7:37 | Build | Palisade Wall |
| 7:38 | Build | Palisade Wall |
| 7:41 | Build | Palisade Wall |
| 7:42 | Build | Palisade Wall |
| 7:47 | Build | Palisade Wall |
| 8:03 | Build | Palisade Wall |
| 8:03 | Build | Palisade Wall |
| 8:24 | Build | Palisade Wall |
| 8:30 | Queue | Villager (Male) |
| 8:49 | Age | Feudal Age |
| 8:53 | Build | Archery Range |
| 8:54 | Research | Double-Bit Axe |
| 8:54 | Research | Double-Bit Axe |
| 9:10 | Queue | Villager (Male) |
| 9:12 | Build | Palisade Wall |
| 9:15 | Build | Mining Camp |
| 9:22 | Build | Palisade Wall |
| 9:39 | Queue | Villager (Male) |
| 9:43 | Queue | Archer |
| 9:54 | Queue | Villager (Male) |
| 10:12 | Build | House |
| 10:16 | Queue | Villager (Male) |
| 10:19 | Build | Mill |
| 10:25 | Queue | Villager (Male) |
| 10:27 | Build | House |
| 10:30 | Research | Town Watch |
| 10:31 | Queue | Archer |
| 10:40 | Queue | Archer |
| 10:59 | Build | Blacksmith |
| 11:06 | Queue | Villager (Male) |
| 11:14 | Build | Palisade Wall |
| 11:15 | Build | Palisade Wall |
| 11:18 | Queue | Villager (Male) |
| 11:34 | Queue | Archer |
| 11:42 | Build | Palisade Wall |
| 11:43 | Build | Palisade Wall |
| 11:44 | Build | Palisade Wall |
| 11:44 | Build | Palisade Wall |
| 11:45 | Build | Palisade Wall |
| 11:57 | Build | House |
| 11:58 | Build | House |
| 12:05 | Queue | Archer |
| 12:17 | Queue | Archer |
| 12:20 | Queue | Villager (Male) |
| 12:33 | Queue | Villager (Male) |
| 12:59 | Queue | Villager (Male) |
| 13:00 | Queue | Archer |
| 13:03 | Build | Farm |
| 13:03 | Build | Farm |
| 13:05 | Build | Farm |
| 13:05 | Build | Farm |
| 13:07 | Build | Farm |
| 13:08 | Build | Farm |
| 13:12 | Queue | Archer |
| 13:21 | Build | Farm |
| 13:34 | Build | Farm |
| 13:35 | Queue | Villager (Male) |
| 14:12 | Build | Farm |
| 14:12 | Queue | Villager (Male) |
| 14:19 | Build | Stable |
| 14:29 | Queue | Villager (Male) |
| 14:34 | Build | Farm |
| 14:49 | Research | Fletching |
| 14:49 | Research | Fletching |
| 14:55 | Queue | Archer |
| 15:00 | Queue | Villager (Male) |
| 15:00 | Queue | Villager (Male) |
| 15:16 | Build | Palisade Gate |
| 15:17 | Build | Palisade Wall |
| 15:22 | Queue | Villager (Male) |
| 15:44 | Queue | Scout Cavalry |
| 15:49 | Queue | Villager (Male) |
| 15:54 | Queue | Archer |
| 16:07 | Build | House |
| 16:12 | Queue | Villager (Male) |
| 16:37 | Queue | Villager (Male) |
| 16:49 | Queue | Villager (Male) |
| 16:50 | Queue | Scout Cavalry |
| 16:55 | Build | Lumber Camp |
| 17:02 | Queue | Villager (Male) |
| 17:18 | Queue | Villager (Male) |
| 17:47 | Queue | Villager (Male) |
| 18:08 | Queue | Villager (Male) |
| 18:13 | Build | Farm |
| 18:16 | Build | Market |
| 18:26 | Research | Wheelbarrow |
| 18:48 | Build | Farm |
| 18:48 | Build | Farm |
| 18:51 | Build | Farm |
| 18:51 | Build | Farm |
| 18:53 | Build | Farm |
| 19:16 | Build | Archery Range |
| 19:28 | Research | Castle Age |
| 19:28 | Research | Castle Age |
| 19:59 | Build | Archery Range |
| 20:21 | Research | Padded Archer Armor |
| 20:23 | Research | Bloodlines |
| 20:23 | Research | Bloodlines |
| 21:31 | Queue | Villager (Male) |
| 21:34 | Build | Palisade Wall |
| 21:39 | Build | Palisade Wall |
| 21:47 | Research | Gold Mining |
| 21:47 | Research | Gold Mining |
| 21:47 | Research | Horse Collar |
| 21:48 | Research | Horse Collar |
| 21:50 | Build | House |
| 22:04 | Age | Castle Age |
| 22:06 | Build | Town Center |
| 22:10 | Queue | Cavalry Archer |
| 22:10 | Queue | Cavalry Archer |
| 22:10 | Queue | Cavalry Archer |
Match timeline
| 1:40 | kuzel · first_building Barracks |
| 5:00 | hclay93 · wall_segment Palisade Wall x1 |
| 5:01 | hclay93 · wall_segment Palisade Wall x1 |
| 5:01 | hclay93 · wall_segment Palisade Wall x1 |
| 5:02 | hclay93 · wall_segment Palisade Wall x1 |
| 5:03 | hclay93 · wall_segment Palisade Wall x1 |
| 5:04 | hclay93 · wall_segment Palisade Wall x1 |
| 7:24 | hclay93 · first_building Barracks |
| 7:26 | hclay93 · wall_segment Palisade Wall x1 |
| 7:27 | hclay93 · wall_segment Palisade Wall x1 |
| 7:35 | hclay93 · wall_segment Palisade Wall x1 |
| 7:37 | hclay93 · wall_segment Palisade Wall x1 |
| 7:38 | hclay93 · wall_segment Palisade Wall x1 |
| 7:41 | hclay93 · wall_segment Palisade Wall x1 |
| 7:42 | hclay93 · wall_segment Palisade Wall x1 |
| 7:47 | hclay93 · wall_segment Palisade Wall x1 |
| 8:03 | hclay93 · wall_segment Palisade Wall x1 |
| 8:03 | hclay93 · wall_segment Palisade Wall x1 |
| 8:24 | hclay93 · wall_segment Palisade Wall x1 |
| 8:49 | hclay93 · age_up feudal |
| 8:53 | hclay93 · first_building Archery Range |
| 9:12 | hclay93 · wall_segment Palisade Wall x1 |
| 9:22 | hclay93 · wall_segment Palisade Wall x1 |
| 11:14 | hclay93 · wall_segment Palisade Wall x1 |
| 11:15 | hclay93 · wall_segment Palisade Wall x1 |
| 11:42 | hclay93 · wall_segment Palisade Wall x1 |
| 11:43 | hclay93 · wall_segment Palisade Wall x1 |
| 11:44 | hclay93 · wall_segment Palisade Wall x1 |
| 11:44 | hclay93 · wall_segment Palisade Wall x1 |
| 11:45 | hclay93 · wall_segment Palisade Wall x1 |
| 12:32 | kuzel · wall_segment Palisade Wall x1 |
| 12:33 | kuzel · wall_segment Palisade Wall x1 |
| 12:35 | kuzel · wall_segment Palisade Wall x1 |
| 13:05 | kuzel · wall_segment Palisade Wall x5 |
| 13:08 | kuzel · age_up feudal |
| 13:15 | kuzel · first_building Archery Range |
| 14:19 | hclay93 · first_building Stable |
| 14:26 | kuzel · first_building Stable |
| 15:17 | hclay93 · wall_segment Palisade Wall x1 |
| 15:18 | kuzel · wall_segment Palisade Wall x6 |
| 15:34 | kuzel · wall_segment Palisade Wall x4 |
| 16:16 | kuzel · wall_segment Palisade Wall x1 |
| 16:33 | kuzel · wall_segment Palisade Wall x1 |
| 16:53 | kuzel · first_market_sell 100 wood |
| 18:51 | kuzel · wall_segment Palisade Wall x7 |
| 19:06 | hclay93 · first_market_buy 100 food |
| 19:20 | kuzel · age_up castle |
| 20:23 | kuzel · first_market_buy 100 wood |
| 21:34 | hclay93 · wall_segment Palisade Wall x6 |
| 21:39 | hclay93 · wall_segment Palisade Wall x9 |
| 22:04 | hclay93 · age_up castle |
| 22:21 | kuzel · first_building Monastery |
| 23:50 | hclay93 · first_building Monastery |
| 28:01 | hclay93 · first_building Siege Workshop |
| 29:42 | kuzel · first_building Castle |
| 32:43 | hclay93 · first_building Castle |
| 33:03 | hclay93 · first_market_sell 100 wood |
| 33:58 | kuzel · first_building Siege Workshop |
| 35:34 | kuzel · age_up imperial |
| 35:57 | hclay93 · age_up imperial |
| 39:12 | kuzel · resign |
[ AI ANALYSIS · 1 CREDIT ]
What really happened in this match?
Wolo.gg analyzes every decision: build order, eco, micro, common mistakes by bracket. Personalized analysis on WhatsApp or Discord in 30 seconds.
Civ guide
Persians
Perfil
Jugador #3099340